 Dungeon Crawl Stone Soup version 0.30-a0-1094-g860fb061e7 (webtiles) character file.

Game seed: 897692091941959450

3389 Newt the Cruncher (level 9, 0/69 HPs)
             Began as a Demonspawn Gladiator on Apr 17, 2023.
             Was a Follower of Makhleb.
             Killed from afar by an electric eel (10 damage)
             ... with a bolt of electricity
             ... on level 8 of the Dungeon.
             The game lasted 00:08:34 (7457 turns).

Newt the Cruncher (Demonspawn Gladiator)            Turns: 7457, Time: 00:08:35

Health: 0/69       AC:  5    Str: 17    XL:     9   Next: 74%
Magic:  9/9        EV: 14    Int: 11    God:    Makhleb [*.....]
Gold:   452        SH:  8    Dex: 21    Spells: 8/8 levels left

rFire   + . .      SeeInvis .    o - +7 staff of the Meek {protect, meekguard}
rCold   . . .      Faith    .    (shield currently unavailable)
rNeg    . . .      Spirit   .    z - +0 leather armour {rF+}
rPois   .          Reflect  .    c - +0 helmet
rElec   .          Rampage  .    (no cloak)
rCorr   .                        (no gloves)
Will    .....                    (no boots)
Stlth   +                        (no amulet)
HPRegen 0.31/turn                A - +6 ring of dexterity
MPRegen 0.11/turn                (no ring)

@: very slow
A: large bone plates 3, demonic magic 2, demonic touch 2
a: Renounce Religion


You were on level 8 of the Dungeon.
You worshipped Makhleb.
Makhleb was aware of your devotion.
You visited 2 branches of the dungeon, and saw 9 of its levels.

You collected 452 gold pieces.

Inventory:

Hand Weapons
 a - a +1 rapier
 n - a +1 whip of venom
 o - the +7 staff of the Meek (weapon) {protect, meekguard}
   (You found it on level 2 of the Dungeon)
Missiles
 g - 84 stones (quivered)
 q - a javelin
 t - 11 atropa-tipped darts
 x - 5 poisoned darts
 E - a boomerang
Armour
 b - a +0 leather armour
 c - a +0 helmet (worn)
 z - a +0 leather armour of fire resistance (worn)
Jewellery
 A - a +6 ring of dexterity (left hand)
 C - a ring of positive energy
Wands
 i - a wand of flame (11)
 y - a wand of roots (2)
Scrolls
 e - 2 scrolls of fear
 h - 3 scrolls of immolation
 s - 2 scrolls of butterflies
 B - a scroll of noise
Potions
 d - 2 potions of degeneration
 f - a potion of resistance
 j - a potion of might
 l - a potion of ambrosia
 p - a potion of curing
 r - 3 potions of magic
 u - a potion of haste
 v - a potion of attraction
 w - a potion of brilliance
 D - a potion of lignification {unknown}


   Skills:
 - Level 6.0 Fighting
 - Level 2.6 Short Blades
 - Level 8.0 Staves
 - Level 1.7 Throwing
 - Level 6.0 Armour
 + Level 4.2 Dodging
 - Level 5.0 Evocations


You had 8 spell levels left.
You didn't know any spells.
Your spell library was empty.

Dungeon Overview and Level Annotations

Branches:
Dungeon (8/15)             Temple (1/1) D:6
   Lair: D:8-11

Altars:
Ashenzari
Cheibriados
Dithmenos
Fedhas
Gozag
Hepliaklqana
Kikubaaqudgha
Makhleb
Nemelex Xobeh
Okawaru
Qazlal
Ru
Sif Muna
Uskayaw
Vehumet
Wu Jian
Xom
Yredelemnul

Shops:
D:5 *


Innate Abilities, Weirdness & Mutations

You are completely covered in large bone plates. (SH +8)
Spells you cast may paralyse nearby enemies.
Your touch may inflict irresistible damage on your foes.


Message History

You enter the shallow water.
Moving in this stuff is going to be slow.
A wyvern comes into view.
The wyvern hisses angrily.
The electric eel shoots out a bolt of lightning at you!
The bolt of electricity misses you.
The bolt of electricity hits the plant!
The plant begins to die.
The bolt of electricity hits the plant.
The bolt of electricity hits you.
The electric eel shoots out a bolt of lightning at you!
The bolt of electricity hits you!
The bolt of electricity hits the plant! x2
The bolt of electricity hits you!
The electric eel shoots out a bolt of lightning at you!
The bolt of electricity hits you!
The bolt of electricity hits the plant. x2
The bolt of electricity hits you!
* * * LOW HITPOINT WARNING * * *
You sock the electric eel!
Your weapon exudes an aura of protection.
The electric eel is almost dead.
Unknown command.
You barely miss the electric eel.
The electric eel is almost dead.
A nearby plant withers and dies.
You block the wyvern's attack.
The wyvern bites you but does no damage.
Unknown command.
You closely miss the electric eel.
The electric eel is almost dead.
The wyvern bites you but does no damage.
The electric eel shoots out a bolt of lightning at you!
The bolt of electricity hits you!
* * * LOW HITPOINT WARNING * * *
The bolt of electricity hits you.
* * * LOW HITPOINT WARNING * * *
Unknown command.
You feel better.
The wyvern bites you but does no damage.
The electric eel shoots out a bolt of lightning at you!
The bolt of electricity hits you!
* * * LOW HITPOINT WARNING * * *
The bolt of electricity hits you!
You die...

..............#
..............# ### ###
..............# #~♣♣~~###~
..............##♣~~~~~~~~S
...............~PP~P~~~~~~
..............♣P~~~~~P~P~~
.....#........).....).....
.....#..####..~PP~PPP~~~~P
#.......# ###~~@S~~~♣♣♣♣~
###.###.## #.~l~~~~P~♣ #.#
#.)#####..♣♣♣♣♣.... #.#
#.))..##... ....#
#.###.†)).##.... ..##
#.......#........ #..
##......###.......
#.###...##......
#...†....# ...


You could see a wyvern and an electric eel.

Vanquished Creatures
  Joseph (D:8)
  Grinder (D:6)
  A wyvern (D:5)
  A steam dragon (D:7)
  6 water moccasins
  A sky beast (D:6)
  2 ice beasts
  An orc warrior (D:7)
  2 ogres (D:7)
  A centaur (D:6)
  A phantom (D:5)
  3 bullfrogs
  3 scorpions
  4 howler monkeys
  2 jellies
  2 hounds
  A gnoll bouda (D:5)
  2 orc priests (D:5)
  Terence (D:3)
  4 iguanas
  5 orc wizards
  13 gnolls
  5 adders
  A shadow imp (D:5)
  A white imp (D:5)
  2 worms
  3 dart slugs
  28 orcs
  5 ball pythons
  6 endoplasms
  2 giant cockroaches
  7 goblins
  7 hobgoblins
  7 jackals (D:1)
  7 kobolds
  4 quokkas
  3 bats
  2 frilled lizards
  7 rats
155 creatures vanquished.

Vanquished Creatures (others)
  33 plants (D:8)
33 creatures vanquished.

Grand Total: 188 creatures vanquished

Notes
Turn   | Place    | Note
-------+----------+-------------------------------------------
     0 | D:1      | Newt the Demonspawn Gladiator began the quest for the Orb.
     0 | D:1      | Reached XP level 1. HP: 16/16 MP: 1/1
    35 | D:1      | Found Nusiroan's Antique Armour Boutique.
    92 | D:1      | Gained mutation: Spells you cast may paralyse adjacent
                  | enemies. [demonic ancestry]
    92 | D:1      | Reached XP level 2. HP: 22/23 MP: 2/2
   535 | D:1      | Gained mutation: Your touch may inflict minor irresistible
                  | damage on your foes. [demonic ancestry]
   535 | D:1      | Reached XP level 3. HP: 19/29 MP: 3/3
  1091 | D:2      | Reached skill level 1 in Evocations
  1091 | D:2      | Gained mutation: Spells you cast may paralyse nearby
                  | enemies. [demonic ancestry]
  1091 | D:2      | Reached XP level 4. HP: 28/37 MP: 4/4
  1263 | D:2      | Found the +7 staff of the Meek {protect, meekguard}
  1996 | D:3      | Found an opulent altar of Gozag.
  1997 | D:3      | Noticed Terence
  2018 | D:3      | Killed Terence
  2019 | D:3      | Reached XP level 5. HP: 7/42 MP: 5/5
  2761 | D:4      | Reached skill level 5 in Evocations
  2761 | D:4      | Gained mutation: You are partially covered in large bone
                  | plates. (SH +4) [demonic ancestry]
  2761 | D:4      | Reached XP level 6. HP: 22/48 MP: 6/6
  3164 | D:4      | Found a shadowy altar of Dithmenos.
  3324 | D:5      | Entered Level 5 of the Dungeon
  3335 | D:5      | Reached skill level 1 in Staves
  3393 | D:5      | Reached skill level 2 in Staves
  3758 | D:5      | Noticed a wyvern
  3769 | D:5      | Killed a wyvern
  3770 | D:5      | Reached skill level 4 in Staves
  3770 | D:5      | Gained mutation: Your touch may inflict irresistible damage
                  | on your foes. [demonic ancestry]
  3770 | D:5      | Reached XP level 7. HP: 35/54 MP: 7/7
  3935 | D:5      | Found Akiblage's Mass Market.
  4221 | D:5      | Reached skill level 5 in Staves
  4838 | D:6      | Reached skill level 6 in Staves
  4838 | D:6      | Gained mutation: You are mostly covered in large bone
                  | plates. (SH +6) [demonic ancestry]
  4838 | D:6      | Reached XP level 8. HP: 48/60 MP: 8/8
  4892 | D:6      | Found an ancient bone altar of Kikubaaqudgha.
  5012 | D:6      | Reached skill level 7 in Staves
  5372 | D:6      | Found a staircase to the Ecumenical Temple.
  5372 | D:6      | Noticed Grinder
  5381 | D:6      | Killed Grinder
  5386 | D:6      | Reached skill level 8 in Staves
  5695 | Temple   | Entered the Ecumenical Temple
  5783 | Temple   | Became a worshipper of Makhleb the Destroyer
  5857 | D:7      | Reached skill level 5 in Fighting
  6136 | D:7      | Reached skill level 1 in Armour
  6136 | D:7      | Gained mutation: You are completely covered in large bone
                  | plates. (SH +8) [demonic ancestry]
  6136 | D:7      | Reached XP level 9. HP: 55/69 MP: 9/9
  6724 | D:7      | Reached skill level 5 in Armour
  7191 | D:8      | Noticed Joseph
  7207 | D:8      | Killed Joseph
  7214 | D:8      | Reached * piety under Makhleb
  7457 | D:8      | Killed from afar by an electric eel

Illustrated notes

Levels and vault maps discovered:
D:1:      dpeg_arrival_water_altar, layout_basic, serial_shops, shop,
          dreamdust_wishing_well, minmay_vboxes
D:2:      layout_rooms
D:3:      layout_rooms, grunt_gozag_statues, uniq_terence
D:4:      layout_cave_pools, nicolae_dithmenos_the_darkroom
D:5:      layout_basic, minmay_shop_mass
D:6:      layout_basic, mainiacjoe_overflow_tiny_flanked,
          minmay_temple_entry_trees, uniq_grinder
D:7:      kennysheep_spiral_hall, layout_rooms
D:8:      layout_rooms, serial_bayou, serial_bayou_lagoon_b,
          serial_bayou_pond_c, serial_bayou_lake_a, serial_bayou_lagoon_a,
          serial_bayou_pond_b, kennysheep_generic_room_9, uniq_joseph
Temple:   dpeg_three_leaves_temple

Skill      XL: |  1  2  3  4  5  6  7  8  9 |
---------------+----------------------------+-----
Fighting       | 3 4 6 |  6.0
Evocations     | 1 3 5 |  5.0
Staves         | 4 6 8 |  8.0
Armour         | 1 6 |  6.0
Dodging        | 4 |  4.2
Short Blades   | |  2.6
Throwing       | |  1.7

Action                     |  1- 3 |  4- 6 |  7- 9 || total
---------------------------+-------+-------+-------++-------
  Melee: Rapier            |   115 |    18 |       ||   133
         Touch             |     7 |     3 |       ||    10
         Quarterstaff      |       |   112 |   227 ||   339
  Throw: Stone             |     7 |       |       ||     7
         Throwing net      |     1 |     4 |     2 ||     7
         Javelin           |       |     2 |       ||     2
         Dart              |       |       |     4 ||     4
  Evoke: Wand              |       |     3 |     1 ||     4
    Use: Scroll            |     4 |     5 |     8 ||    17
         Potion            |       |     2 |     2 ||     4
   Stab: Held in net/web   |       |     1 |     5 ||     6
         Sleeping          |       |     1 |     1 ||     2
         Distracted        |       |       |     1 ||     1
 Armour: Leather armour    |    32 |    36 |    73 ||   141
  Dodge: Dodged            |    93 |   108 |    97 ||   298
  Block: Other             |       |    10 |    64 ||    74

Table legend: (Time is in decaauts)
 A = Elapsed time spent in this place.
 B = Non-inter-level travel time spent in this place.
 C = Inter-level travel time spent in this place.
 D = Time resting spent in this place.
 E = Time spent auto-exploring this place.
 F = Levels seen in this place.
 G = Mean time per level.
                   A        B        C        D        E       F      G
               +--------+--------+--------+--------+--------+-----+--------+
         Total |   7495 |   7228 |    267 |   2639 |   3505 |   9 |  832.8 |
       Dungeon |   7396 |   7163 |    233 |   2639 |   3449 |   8 |  924.5 |
        Temple |     98 |     65 |     33 |      0 |     56 |   1 |   98.0 |
               +--------+--------+--------+--------+--------+-----+--------+

Top non-repeatable levels by time:
     D:5: 1404 daAuts
     D:6: 1279 daAuts
     D:7: 1072 daAuts
     D:2: 947 daAuts
     D:3: 857 daAuts
     D:1: 807 daAuts
     D:4: 745 daAuts
     D:8: 282 daAuts
  Temple: 98 daAuts
